 Dungeon Crawl Stone Soup version 0.29-a0-378-gc08b2e8bf8 (webtiles) character file.

Game seed: 3828064618231870504

70 Majang the Slasher (level 4, -15/34 HPs)
             Began as a Vampire Gladiator on May 4, 2022.
             Was a Believer of Cheibriados.
             Killed by an exploding jackal (18 damage)
             ... ignited by their inner flame
             ... on level 2 of the Dungeon.
             The game lasted 00:04:22 (701 turns).

Majang the Slasher (Vampire Gladiator)               Turns: 701, Time: 00:04:23

Health: -15/34     AC:  4    Str: 18    XL:     4   Next: 4%
Magic:  0/4        EV: 13    Int: 15    God:    Cheibriados [**....]
Gold:   6          SH:  0    Dex: 22    Spells: 3/3 levels left

rFire   . . .      SeeInvis +   a - +0 long sword
rCold   . . .      Faith    .   (no shield)
rNeg    . . .      Spirit   +   b - +0 leather armour
rPois   .          Reflect  .   n - +0 helmet
rElec   .          Harm     .   (no cloak)
rCorr   .          Rampage  .   (no gloves)
Will    .....                   (no boots)
Stlth   ++........              j - amulet of guardian spirit
HPRegen 0.31/turn               (no ring)
MPRegen 0.09/turn               (no ring)

@: brilliant, weak-willed, attractive, healing quickly, very slow
A: alive, fangs 3, see invisible, vampiric 2
a: Exsanguinate, Renounce Religion, Bend Time


You were on level 2 of the Dungeon.
You worshipped Cheibriados.
Cheibriados was pleased with you.
You visited 1 branch of the dungeon, and saw 2 of its levels.

You collected 6 gold pieces.

Inventory:

Hand Weapons
 a - a +0 long sword (weapon)
 m - a +0 short sword
Missiles
 d - 3 throwing nets (quivered)
 e - a javelin
Armour
 b - a +0 leather armour (worn)
 c - a +0 helmet
 n - a +0 helmet (worn)
Jewellery
 j - an amulet of guardian spirit (around neck)
Scrolls
 f - a scroll of amnesia
Potions
 i - a potion of brilliance


   Skills:
 + Level 2.4 Fighting
 * Level 4.1 Long Blades
 - Level 1.5 Throwing
 - Level 3.2 Dodging
 + Level 2.7 Stealth


You had 3 spell levels left.
You didn't know any spells.
Your spell library contained the following spells:

 Spells                   Type           Power      Damage    Failure   Level
 Beastly Appendage        Tmut           0%         N/A       32%         1
 Wereblood                Tmut           0%         N/A       43%         2
 Spider Form              Tmut/Pois      0%         N/A       67%         3


Dungeon Overview and Level Annotations

Branches:
Dungeon (2/15)

Altars:
Cheibriados

Shops:
D:1 (


Innate Abilities, Weirdness & Mutations

Your natural rate of healing is accelerated.
You have razor-sharp teeth.
You have supernaturally acute eyesight. (SInv)
You are afflicted with vampirism and can become a bat while bloodless.


Message History

As you read the scroll labelled QECACA VOBUVVO, it crumbles to dust.
The jackal barks!
Magic quickly surges around you.
It was a scroll of vulnerability.
Terence misses you.
The jackal bites you but does no damage. x2
What are your orders? t - Shout!
Orders for allies: a - Attack new target. r - Retreat! s - Stop attacking. g - Guard the area. f - Follow me.
Anything else - Cancel.
Okay, then.
As you read the scroll labelled RYNASAOTOU, it crumbles to dust.
It is a scroll of identify.
You don't have any unidentified items.
Terence closely misses you.
The jackal bites you but does no damage.
Terence attacks as you move away! Terence closely misses you.
The jackal attacks as you move away! The jackal bites you.
* * * LOW HITPOINT WARNING * * *
Terence hits you with a +0 falchion.
* * * LOW HITPOINT WARNING * * *
The jackal is attracted toward you. Terence attacks as you move away!
Terence hits you with a +0 falchion.
* * * LOW HITPOINT WARNING * * *
The jackal barely misses you. The jackal attacks as you move away!
The jackal closely misses you.
The jackal is no longer moving slowly.
The jackal misses you. The jackal closely misses you.
The jackal is attracted toward you.
Unknown command.
The jackal barely misses you.
You hit the jackal.
Cheibriados thoroughly appreciates the change of pace.
The jackal explodes!
The fiery explosion engulfs Terence!!!
Cheibriados thoroughly appreciates the change of pace.
Cheibriados raises the support of your attributes as your movement slows.
The fiery explosion engulfs you!!
Ouch! That really hurt!
You die...

#......#.........#
##......#.........#
........#.........#
........#†........#
.......§..........#
#......#h.........#
#......#)h........#
#......#§#+#'########
#......#@#...)......#
#......#.###.######.#
#......#.# #.# #.#
#......#.. ..# #.#
####### #.#
#############.#
#...........#.#
#.#########.#.#
#.#......##.#.#


You could see 2 jackals.

Vanquished Creatures
  Terence (D:2)
  Natasha (D:2)
  Robin (D:2)
  A dart slug (D:1)
  7 bats
  2 endoplasms (D:1)
  8 goblins
  3 hobgoblins (D:2)
  4 jackals
  A ball python (D:2)
  2 kobolds (D:1)
  3 rats
34 creatures vanquished.

Notes
Turn   | Place    | Note
-------+----------+-------------------------------------------
     0 | D:1      | Majang the Vampire Gladiator began the quest for the Orb.
     0 | D:1      | Reached XP level 1. HP: 16/16 MP: 1/1
   168 | D:1      | Found Xeikeim's Antique Weapon Shop.
   174 | D:1      | Reached skill level 1 in Stealth
   231 | D:1      | Found a faded altar of an unknown god.
   242 | D:1      | Reached XP level 2. HP: 20/22 MP: 2/2
   255 | D:1      | Prayed at the altar of an unknown god.
   255 | D:1      | Became a worshipper of Cheibriados the Contemplative
   255 | D:1      | Reached * piety under Cheibriados
   521 | D:2      | Noticed Robin
   530 | D:2      | Noticed Natasha
   541 | D:2      | Killed Robin
   542 | D:2      | Gained mutation: You are afflicted with vampirism and can
                  | become a bat while bloodless. [Vampire growth]
   542 | D:2      | Reached XP level 3. HP: 17/27 MP: 3/3
   551 | D:2      | Killed Natasha
   551 | D:2      | Reached ** piety under Cheibriados
   552 | D:2      | Reached skill level 4 in Long Blades
   584 | D:2      | Reached XP level 4. HP: 21/34 MP: 4/4
   679 | D:2      | Noticed Terence
   701 | D:2      | Killed Terence
   701 | D:2      | Killed by an exploding jackal... ignited by their inner
                  | flame

Illustrated notes

Levels and vault maps discovered:
D:1:      matt_arrival_grand_opening, layout_rooms, serial_shops, shop,
          hellmonk_ecumenical_altar_dog_temple
D:2:      layout_basic, uniq_terence, uniq_sigmund, uniq_robin, uniq_natasha

Skill      XL: |  1  2  3 |
---------------+----------+-----
Stealth        | 1 2 |  2.7
Fighting       | 2 |  2.4
Long Blades    | 4 |  4.1
Throwing       | |  1.5
Dodging        | |  3.2

Action                   |  1- 3 |  4- 6 || total
-------------------------+-------+-------++-------
Melee: Long sword        |    71 |    18 ||    89
       Bite              |     5 |     2 ||     7
Invok: Bend Time         |       |     1 ||     1
  Use: Scroll            |       |     4 ||     4
       Potion            |       |     2 ||     2
 Stab: Sleeping          |     1 |       ||     1
Armor: Leather armour    |    19 |    18 ||    37
Dodge: Dodged            |    42 |    50 ||    92

Table legend: (Time is in decaauts)
 A = Elapsed time spent in this place.
 B = Non-inter-level travel time spent in this place.
 C = Inter-level travel time spent in this place.
 D = Time resting spent in this place.
 E = Time spent auto-exploring this place.
 F = Levels seen in this place.
 G = Mean time per level.
                   A        B        C        D        E       F      G
               +--------+--------+--------+--------+--------+-----+--------+
         Total |    826 |    807 |     19 |     83 |    393 |   2 |  413.0 |
       Dungeon |    826 |    807 |     19 |     83 |    393 |   2 |  413.0 |
               +--------+--------+--------+--------+--------+-----+--------+

Top non-repeatable levels by time:
     D:1: 542 daAuts
     D:2: 284 daAuts
